 Dungeon Crawl Stone Soup version 0.28-a0-1616-g050a50673c (webtiles) character file.

Game seed: 11456172408093850338

26158 porpoise the Martial Artist (level 12, -1/99 HPs)
             Began as a Demonspawn Transmuter on Jan 22, 2022.
             Was a Priest of Ashenzari.
             Slain by a blink frog (7 damage)
             ... on level 3 of the Lair of Beasts on Jan 23, 2022.
             The game lasted 01:51:12 (22433 turns).

porpoise the Martial Artist (DsTm)                 Turns: 22433, Time: 01:51:13

Health: -1/99      AC: 19    Str: 14    XL:     12   Next: 95%
Magic:  21/21      EV: 13    Int: 14    God:    Ashenzari [***...]
Gold:   832        SH:  5    Dex: 16    Spells: 11/23 levels left

rFire   + + .      SeeInvis +     - Unarmed
rCold   x . .      Faith    .   (no shield)
rNeg    . . .      Spirit   .   G - +1 fire dragon scales "Cryptic Chagrin" {rF++ rC-, Self, Evo} (curse)
rPois   .          Reflect  +   (helmet restricted)
rElec   .          Harm     .   (no cloak)
rCorr   .          Rampage  .   t - +1 pair of gloves "Mantic Bitterness" {Melee, Self} (curse)
Will    +....      Clarity  +   S - +0 pair of boots of Ouranomancy {Alch, Evo} (curse)
Stlth   +.........              l - amulet of the Unyielding Gaze {Reflect SH+5, Alch, Cun} (curse)
HPRegen 0.26/turn               q - ring of Ashenzari's Comet {AC+4, Cun, Fort} (curse)
MPRegen 0.17/turn               B - ring of willpower

@: mighty, very slow
A: horns 1, powered by pain 2, demonic magic 2, weakness stinger 1, demonic
touch 1
a: Renounce Religion, Shatter the Chains


You were on level 3 of the Lair of Beasts.
You worshipped Ashenzari.
Ashenzari was most pleased with you.
You visited 2 branches of the dungeon, and saw 14 of its levels.
You also visited: Ossuary and Bailey.

You collected 1496 gold pieces.
You spent 664 gold pieces at shops.

Inventory:

Hand Weapons
 b - a +2 vorpal shortbow
 s - the +7 quarterstaff "Secret Weapon" {freeze, +Blink rF+ Will++ SInv}
   (You found it on level 2 of the Lair of Beasts)

   It freezes those it strikes, dealing additional cold damage.
   It can also slow down cold-blooded creatures.
   rF:        It protects you from fire.
   SInv:      It lets you see invisible.
   +Blink:    It lets you blink.
   Will:      It greatly increases your willpower.
 y - the +5 dagger of the Mosquito {vorpal, rElec rF- Dex+3 Stlth+}
   (You found it on level 7 of the Dungeon)

   It inflicts extra damage upon your enemies.
   Dex:       It affects your dexterity (+3).
   rF:        It makes you vulnerable to fire.
   rElec:     It insulates you from electricity.
   Stlth:     It makes you more stealthy.
 z - the +3 dagger of Sidwasim {flame, rPois rC++}
   (You took it off an orc on level 4 of the Dungeon)

   It burns those it strikes, dealing additional fire damage.
   rC:        It greatly protects you from cold.
   rPois:     It protects you from poison.
Missiles
 d - 160 arrows
 i - 45 stones (quivered)
Armour
 p - a +1 robe of resistance
 t - the cursed +1 pair of gloves "Mantic Bitterness" (worn) {Melee, Self}
   (You found it on level 3 of the Dungeon)

   It has a curse which improves the following skills: Melee Combat: Short
   Blades, Long Blades, Axes, Maces & Flails, Polearms, Staves and Unarmed
   Combat.
   Introspection: Fighting and Spellcasting.
 x - a +2 robe of cold resistance
 G - the cursed +1 fire dragon scales "Cryptic Chagrin" (worn) {rF++ rC-, Self, Evo}
   (You took it off an orc knight in a bailey)

   rF:        It greatly protects you from fire.
   rC:        It makes you vulnerable to cold.
   It has a curse which improves the following skills: Introspection: Fighting
   and Spellcasting.
   Evocations: Evocations.
 S - the cursed +0 pair of boots of Ouranomancy (worn) {Alch, Evo}
   (You found it on level 3 of the Dungeon)

   It has a curse which improves the following skills: Alchemy: Poison Magic and
   Transmutations.
   Evocations: Evocations.
Magical Staves
 u - a staff of earth
 A - a staff of cold
Jewellery
 l - the cursed amulet of the Unyielding Gaze (around neck) {Reflect SH+5, Alch, Cun}
   (You bought it in a shop on level 4 of the Dungeon)

   [amulet of reflection]

   It reflects blocked missile attacks.
   SH:        It affects your SH (+5).
   It has a curse which improves the following skills: Alchemy: Poison Magic and
   Transmutations.
   Cunning:   Dodging and Stealth.
 q - the cursed ring of Ashenzari's Comet (left hand) {AC+4, Cun, Fort}
   (You took it off a goblin on level 4 of the Dungeon)

   [ring of protection]

   AC:        It affects your AC (+4).
   It has a curse which improves the following skills: Cunning: Dodging and
   Stealth.
   Fortitude: Armour and Shields.
 B - a ring of willpower (right hand)
Wands
 c - a wand of flame (27)
 J - a wand of paralysis (2)
Scrolls
 a - a scroll of fog
 g - 2 scrolls of blinking
 j - 2 scrolls of magic mapping
 m - 2 scrolls of noise
 o - a scroll of amnesia
 C - 2 scrolls of enchant armour
 H - 6 scrolls of teleportation
 R - 2 scrolls of summoning
 T - a scroll of silence
Potions
 f - 2 potions of lignification
 h - a potion of cancellation
 n - 3 potions of curing
 r - a potion of mutation
 v - a potion of flight
 w - a potion of haste
 E - a potion of ambrosia
 I - 3 potions of might
 N - a potion of invisibility
 V - 2 potions of resistance
Miscellaneous
 k - a condenser vane (inert)


   Skills:
 - Level 8.1(10.6) Fighting
 - Level 6.0 Bows
 - Level 5.7(7.3) Armour
 - Level 7.0(9.5) Dodging
 + Level 3.8(6.0) Stealth
 * Level 10.2(11.8) Unarmed Combat
 - Level 3.8(6.0) Spellcasting
 - Level 5.0 Conjurations
 - Level 5.0 Necromancy
 - Level 5.7(8.2) Transmutations
 - Level 5.0 Fire Magic
 * Level 2.0 Earth Magic
 - Level 5.0(7.3) Evocations


You had 11 spell levels left.
You knew the following spells:

 Your Spells              Type           Power      Damage    Failure   Level
a - Beastly Appendage     Tmut           54%        N/A       2%          1
l - Flame Wave            Conj/Fire      18%        2d6       67%         4
v - Borgnjor's Vile Clut  Necr/Erth      7%         N/A       99%         5
w - Wereblood             Tmut           27%        N/A       3%          2

Your spell library contained the following spells:

 Spells                   Type           Power      Damage    Failure   Level
 Foxfire                  Conj/Fire      72%        2x1d7     10%         1
 Conjure Flame            Conj/Fire      18%        6-21      28%         3
 Ignite Poison            Fire/Tmut/Pois 16%        N/A       34%         3
 Spider Form              Tmut/Pois      16%        N/A       36%         3
 Inner Flame              Hex/Fire       11%        N/A       61%         3
 Animate Dead             Necr           9%         N/A       67%         4
 Sticky Flame             Conj/Fire      18%        2d4       67%         4
 Mephitic Cloud           Conj/Pois/Air  9%         N/A       71%         3
 Ensorcelled Hibernation  Hex/Ice        8%         N/A       73%         2
 Ice Form                 Ice/Tmut       15%        N/A       80%         4
 Anguish                  Hex/Necr       5%         N/A       95%         4
 Cause Fear               Hex            2%         N/A       100%        4
 Freezing Cloud           Conj/Ice/Air   4%         6-21      100%        5
 Conjure Ball Lightning   Conj/Air       5%         3x3d6     100%        6
 Death Channel            Necr           9%         N/A       100%        6
 Discord                  Hex            2%         N/A       100%        8
 Disjunction              Tloc           2%         N/A       100%        8


Dungeon Overview and Level Annotations

Branches:
Dungeon (11/15)            Temple (0/1) D:6            Lair (3/6) D:11
 Shoals (0/4) Lair:3        Snake (0/4) Lair:2      Ossuary (visited)
 Bailey (visited)
    Orc: D:9-12

Altars:
Ashenzari
Dithmenos
Elyvilon
Hepliaklqana
Makhleb
Okawaru
Ru
Wu Jian
Xom
Yredelemnul
Zin
The Shining One

Shops:
D:4 (!*   D:9 =


Innate Abilities, Weirdness & Mutations

You have a pair of small horns on your head.
You sometimes gain power by taking damage.
Spells you cast may paralyse nearby enemies.
You have a small tail.
Your touch may inflict minor irresistible damage on your foes.


Message History

You hit the merfolk siren but do no damage.
Your touch misses the merfolk siren. You punch the merfolk siren.
The merfolk siren is moderately wounded.
The blink frog misses you.
The merfolk siren hits you with a +0 spear!
* * * LOW HITPOINT WARNING * * *
You punch the merfolk siren! Your headbutt misses the merfolk siren.
Your punch misses the merfolk siren.
The merfolk siren is heavily wounded.
The blink frog hits you but does no damage.
The blink frog barely misses you.
Your unstable footing causes you to fumble your attack.
The blink frog blinks!
The merfolk siren hits you with a +0 spear!
* * * LOW HITPOINT WARNING * * *
You block the blink frog's attack.
Press: ? - help, v - describe, . - travel
Here: a merfolk siren, wielding a +0 spear (heavily wounded) Some shallow water.
You feel very mighty all of a sudden.
The merfolk siren chants a haunting song.
You are unaffected.
The blink frog misses you.
You closely miss the merfolk siren.
Your tail-slap misses the merfolk siren.
The merfolk siren is heavily wounded.
The blink frog closely misses you. The merfolk siren closely misses you.
Your unstable footing causes you to fumble your attack.
The blink frog barely misses you.
The blink frog blinks!
The merfolk siren chants a haunting song.
You are unaffected.
You punch the merfolk siren! Your touch misses the merfolk siren.
The merfolk siren is almost dead.
The blink frog hits you but does no damage.
The merfolk siren hits you with a +0 spear!
* * * LOW HITPOINT WARNING * * *
Your unstable footing causes you to fumble your attack.
The blink frog hits you but does no damage.
Your unstable footing causes you to fumble your attack.
The blink frog hits you!
You die...

** * ,##### , * * ≈
#≈≈≈# *, ≈ {###≈≈≈#
.. * ##≈≈≈#≈#≈≈≈##*
#.# * ,
#≈####≈'###≈# #..
,, #≈≈≈#≈≈≈#≈≈≈#
#.# **
#≈≈≈#≈>≈#≈≈≈# #.P
,,#m≈≈#≈≈≈#≈≈≈# #.#
*
,#@###§≈####≈####.#
,##FF≈#≈#≈≈≈##.....
* ,,
#F≈≈###≈≈≈#.....#
,,,,#≈≈≈#
#≈≈)#.##.## * {
#####.####(.##.# *
,.........#P.## *
*, #.####.......#
,, #####...# ##.##


You could see a merfolk siren and 3 blink frogs.

Vanquished Creatures
  Fannar (Lair:3)
  A catoblepas (Lair:3)
  5 hydras
  A two-headed ogre (D:10)
  Pikel (D:5)
  3 orc knights (Bailey)
  A merfolk siren (Lair:3)
  Joseph (D:9)
  5 black mambas
  13 cane toads
  A rime drake (Lair:3)
  4 komodo dragons
  A troll (D:11)
  A merfolk (D:10)
  6 blink frogs
  A wraith (D:9)
  15 yaks
  A wyvern (D:11)
  2 basilisks
  A steam dragon (D:9)
  Menkaure (D:4)
  6 vampire mosquitoes
  Edmund (D:4)
  2 nagas (Lair:2)
  6 water moccasins
  Duvessa (D:7)
  A hornet zombie (D:9)
  A sky beast (D:3)
  2 ice beasts (D:5)
  8 orc warriors
  2 black bears (D:11)
  4 centaurs
  6 wolves
  3 lemures (D:5)
  2 phantoms (D:6)
  7 bullfrogs
  2 scorpions
  A wyvern skeleton (D:6)
  5 water moccasin zombies (Ossuary)
  Dowan (D:7)
  8 killer bees (D:8)
  7 howler monkeys
  An electric eel (Lair:3)
  5 centaur zombies
  2 hounds
  A bullfrog zombie (D:6)
  4 orc priests
  2 jellies
  3 centaur skeletons
  2 gnoll shamans
  Terence (D:3)
  6 iguanas
  13 orc wizards
  A killer bee zombie (D:8)
  A hound skeleton (D:4)
  A howler monkey zombie (D:11)
  3 mummies
  7 adders
  12 gnolls
  2 howler monkey skeletons (D:7)
  A shadow imp (D:5)
  2 white imps
  An ufetubus (D:6)
  2 adder zombies (Ossuary)
  2 worms
  4 dart slugs
  47 orcs
  5 ball pythons
  2 bats
  8 endoplasms
  4 giant cockroaches
  10 goblins
  8 hobgoblins
  3 jackals (D:2)
  8 kobolds
  5 quokkas
  3 frilled lizards (D:2)
  4 gnoll zombies (Ossuary)
  4 hobgoblin zombies (Ossuary)
  5 kobold zombies (Ossuary)
  3 orc zombies (Ossuary)
  2 rats (D:1)
342 creatures vanquished.

Vanquished Creatures (collateral kills)
  An orc knight (Bailey)
1 creature vanquished.

Vanquished Creatures (others)
  12 fungi
  17 plants
29 creatures vanquished.

Grand Total: 372 creatures vanquished

Notes
Turn   | Place    | Note
-------+----------+-------------------------------------------
     0 | D:1      | porpoise the Demonspawn Transmuter began the quest for the
                  | Orb.
     0 | D:1      | Reached XP level 1. HP: 15/15 MP: 3/3
    60 | D:1      | Reached skill level 3 in Unarmed Combat
    60 | D:1      | Discovered your monstrous ancestry.
    60 | D:1      | Gained mutation: You have a small tail. [demonic ancestry]
    60 | D:1      | Reached XP level 2. HP: 20/22 MP: 3/5
   893 | D:1      | Mutation became permanent: You have a pair of small horns
                  | on your head. [demonic ancestry]
   893 | D:1      | Gained mutation: You have a pair of horns on your head.
                  | [demonic ancestry]
   893 | D:1      | Reached XP level 3. HP: 27/27 MP: 4/6
  1741 | D:2      | Gained mutation: Spells you cast may paralyse adjacent
                  | enemies. [demonic ancestry]
  1741 | D:2      | Reached XP level 4. HP: 23/34 MP: 5/7
  1947 | D:2      | Found a burning altar of Makhleb.
  2019 | D:2      | Found a faded altar of an unknown god.
  2722 | D:3      | Noticed a sky beast
  2738 | D:3      | Killed a sky beast
  2739 | D:3      | Reached skill level 4 in Unarmed Combat
  2739 | D:3      | Reached XP level 5. HP: 34/42 MP: 8/8
  2942 | D:3      | Learned a level 2 spell: Wereblood
  2951 | D:3      | Noticed Terence
  2958 | D:3      | Killed Terence
  3360 | D:3      | Gained mutation: Your touch may inflict minor irresistible
                  | damage on your foes. [demonic ancestry]
  3360 | D:3      | Reached XP level 6. HP: 31/48 MP: 9/9
  3723 | D:4      | Identified a scroll of acquirement
  3723 | D:4      | Acquired 659 gold pieces
  3773 | D:4      | Found Ulima's Distillery.
  3904 | D:4      | Found Qynn's Assorted Antiques.
  3915 | D:4      | Reached skill level 5 in Unarmed Combat
  3921 | D:4      | Bought 2 scrolls of identify for 128 gold pieces
  3921 | D:4      | Bought a glowing wooden wand for 128 gold pieces
  3921 | D:4      | Bought a blackened silver amulet for 160 gold pieces
  3921 | D:4      | Bought a bubbling orange potion for 28 gold pieces
  3921 | D:4      | Bought a bubbling orange potion for 28 gold pieces
  3928 | D:4      | Bought a runed shortbow for 192 gold pieces
  3946 | D:4      | Noticed Menkaure
  3950 | D:4      | Killed Menkaure
  3951 | D:4      | Reached skill level 5 in Fighting
  4060 | D:4      | Gained mutation: You sometimes gain a little power by
                  | taking damage. [demonic ancestry]
  4060 | D:4      | Reached XP level 7. HP: 56/56 MP: 8/10
  4238 | D:4      | Found Eceodues's Book Shoppe.
  4297 | D:4      | Found a broken altar of Ashenzari.
  4338 | D:4      | Found Noiggaz's Weapon Shoppe.
  4556 | D:4      | Noticed Edmund
  4573 | D:4      | Killed Edmund
  4574 | D:4      | Reached skill level 6 in Unarmed Combat
  4754 | D:4      | Became a worshipper of Ashenzari the Shackled
  5201 | D:4      | Identified the +3 dagger of Sidwasim {flame, rPois rC++}
  5373 | D:4      | Found an ornate altar of the Wu Jian Council.
  5404 | D:5      | Entered Level 5 of the Dungeon
  5453 | D:5      | Found a sand-covered staircase.
  5475 | Ossuary  | Entered an ossuary
  5516 | Ossuary  | Reached XP level 8. HP: 61/65 MP: 11/11
  5966 | D:5      | Noticed Pikel
  6010 | D:5      | Killed Pikel
  6011 | D:5      | Reached skill level 7 in Unarmed Combat
  6547 | D:5      | Found an iron altar of Okawaru.
  6719 | D:5      | Found a shimmering altar of Xom.
  6728 | D:5      | Gained mutation: Spells you cast may paralyse nearby
                  | enemies. [demonic ancestry]
  6728 | D:5      | Reached XP level 9. HP: 65/72 MP: 11/13
  7177 | D:6      | Reached skill level 5 in Dodging
  7520 | D:6      | Found a staircase to the Ecumenical Temple.
  8900 | D:7      | Found a burning altar of Makhleb.
  8928 | D:7      | Found a flagged portal.
  8960 | Bailey   | Entered a bailey
  9084 | Bailey   | Noticed an orc knight
  9084 | Bailey   | Noticed an orc knight
  9084 | Bailey   | Noticed an orc knight
  9296 | Bailey   | Killed an orc knight
  9297 | Bailey   | Reached skill level 5 in Bows
  9297 | Bailey   | Reached skill level 5 in Transmutations
  9297 | Bailey   | Reached XP level 10. HP: 52/79 MP: 14/14
  9495 | Bailey   | Learned a level 4 spell: Flame Wave
  9565 | Bailey   | Killed an orc knight
  9566 | Bailey   | Reached skill level 1 in Stealth
  9566 | Bailey   | Reached skill level 1 in Evocations
  9798 | Bailey   | Killed an orc knight
 10045 | Bailey   | Noticed an orc knight
 10046 | Bailey   | Reached * piety under Ashenzari
 10078 | Bailey   | Killed an orc knight
 10427 | D:7      | Identified the +5 dagger of the Mosquito {vorpal, rElec rF-
                  | Dex+3 Stlth+}
 10438 | D:7      | Noticed Dowan
 10567 | D:7      | Noticed Duvessa
 10587 | D:7      | Killed Duvessa
 10593 | D:7      | Killed Dowan
 10969 | D:7      | Identified the +5 dagger of the Mosquito {vorpal, rElec rF-
                  | Dex+3 Stlth+}
 11054 | D:7      | Found a shadowy altar of Dithmenos.
 11328 | D:8      | Identified the +0 leather armour "Daext" {Harm Rampage
                  | Will- Int+2}
 11772 | D:8      | Reached skill level 1 in Armour
 12460 | D:8      | Found a hazy altar of Hepliaklqana.
 12510 | D:8      | Found a basalt altar of Yredelemnul.
 12541 | D:8      | Reached ** piety under Ashenzari
 13124 | D:9      | Found Joepnuew's Jewellery Shop.
 13238 | D:9      | Noticed Joseph
 13248 | D:9      | Killed Joseph
 14062 | D:10     | Entered Level 10 of the Dungeon
 14110 | D:10     | Noticed a two-headed ogre
 14127 | D:10     | Killed a two-headed ogre
 14128 | D:10     | Reached XP level 11. HP: 65/89 MP: 17/17
 14441 | D:10     | Found a sacrificial altar of Ru.
 14906 | D:10     | Reached skill level 5 in Armour
 15530 | D:11     | Reached skill level 1 in Conjurations
 15538 | D:11     | Reached skill level 1 in Fire Magic
 15576 | D:11     | Found a staircase to the Lair.
 15625 | D:11     | Identified the +4 trident of Voosilorch {flame, Fly rPois
                  | rF+}
 16209 | Lair:1   | Entered Level 1 of the Lair of Beasts
 16209 | Lair:1   | Noticed an eight-headed hydra
 16219 | Lair:1   | Killed an eight-headed hydra
 16440 | Lair:1   | Noticed a four-headed hydra
 16455 | Lair:1   | Killed a four-headed hydra
 16834 | Lair:1   | Reached skill level 5 in Evocations
 16909 | Lair:1   | Learned a level 5 spell: Borgnjor's Vile Clutch
 17190 | Lair:1   | Gained mutation: You sometimes gain power by taking damage.
                  | [demonic ancestry]
 17190 | Lair:1   | Reached XP level 12. HP: 41/96 MP: 19/19
 17247 | Lair:1   | Reached skill level 5 in Conjurations
 17971 | Lair:1   | Reached skill level 8 in Unarmed Combat
 18804 | Lair:1   | Noticed a seven-headed hydra
 18820 | Lair:1   | Killed a seven-headed hydra
 18821 | Lair:1   | Reached skill level 5 in Fire Magic
 19202 | Lair:1   | Upgraded the game from 0.28-a0-1613-gdaab1c2f9b to
                  | 0.28-a0-1616-g050a50673c
 19348 | Lair:2   | Noticed an eight-headed hydra
 19359 | Lair:2   | Killed an eight-headed hydra
 19360 | Lair:2   | Reached skill level 1 in Necromancy
 19464 | Lair:2   | HP: 4/96 [poisoned by a black mamba]
 20304 | Lair:2   | Identified the +7 quarterstaff "Secret Weapon" {freeze,
                  | +Blink rF+ Will++ SInv}
 20372 | Lair:2   | Found a staircase to the Snake Pit.
 20583 | Lair:2   | Noticed a six-headed hydra
 20594 | Lair:2   | Killed a six-headed hydra
 20595 | Lair:2   | Reached skill level 9 in Unarmed Combat
 21531 | Lair:3   | Noticed Fannar
 21552 | Lair:3   | Reached skill level 5 in Necromancy
 21567 | Lair:3   | Killed Fannar
 21935 | Lair:3   | Reached *** piety under Ashenzari
 21949 | Lair:3   | Noticed a catoblepas
 21968 | Lair:3   | Killed a catoblepas
 21969 | Lair:3   | Reached skill level 10 in Unarmed Combat
 21969 | Lair:3   | Reached skill level 1 in Earth Magic
 22377 | Lair:3   | Found a staircase to the Shoals.
 22433 | Lair:3   | Slain by a blink frog

Illustrated notes

Levels and vault maps discovered:
D:1:      elethiomel_arrival_maze, layout_basic, minmay_misc_feat_five,
          bh_walls_and_bars
D:2:      layout_basic, hellmonk_ecumenical_altar_dog_temple, basic_altar,
          minmay_pentomino_r4
D:3:      layout_rooms, uniq_terence
D:4:      corexii_shack_village, layout_basic, kennysheep_little_box,
          mainiacjoe_overflow_small_starburst, serial_shops,
          nicolae_shop_window_shopping, shop, shop,
          nicolae_shop_bloodbath_and_beyond, uniq_menkaure, uniq_edmund
D:5:      layout_rooms, brannock_xom_greatest_gift,
          nicolae_overflow_crystal_walls, gup_ossuary_entry_pyramid,
          minmay_misc_feat_encased, uniq_pikel
D:6:      layout_loops_corners, mainiacjoe_overflow_alcove_4, elyvilon_altar_3,
          minmay_temple_entry_slanted
D:7:      layout_rooms, lemuel_doored_altar, nicolae_dithmenos_the_darkroom,
          enter_bailey_4, serial_bayou_pond_a, uniq_duvessa
D:8:      layout_loops_cross, amcnicky_altar_gilded, yredelemnul_altar_generic,
          mainiacjoe_overflow_alcove_1
D:9:      layout_irregular_city, minmay_shop_enchanted_jewellery, uniq_joseph
D:10:     layout_roguey, mainiacjoe_overflow_concentric_impassable,
          serial_curves, eino_curves_04, eino_curves_01, hangedman_fish_farm
D:11:     layout_cross, david_lair_generic, nicolae_zen_rock_garden
Lair:1:   layout_cellular_growth, beast_lair_carwin_7, lemuel_fruit_tree
Lair:2:   layout_cellular_growth, guppyfry_snake_entry_island,
          chequers_serial_rivers_small_b, serial_bayou_pond_e
Lair:3:   layout_roguey, elwin_shoals_entry_rooms, uniq_urug, uniq_fannar

Skill      XL: |  1  2  3  4  5  6  7  8  9 10 11 12 |
---------------+-------------------------------------+-----
Unarmed Combat | 3 4 5 6 7 10 | 10.2
Fighting       | 2 3 4 5 6 7 8 |  8.1
Bows           | 3 5 6 |  6.0
Dodging        | 4 6 7 |  7.0
Spellcasting   | 3 |  3.8
Transmutations | 5 |  5.7
Stealth        | 3 |  3.8
Evocations     | 2 5 |  5.0
Armour         | 4 5 |  5.7
Conjurations   | 4 5 |  5.0
Fire Magic     | 3 5 |  5.0
Necromancy     | 5 |  5.0
Earth Magic    | 2 |  2.0

Action                   |  1- 3 |  4- 6 |  7- 9 | 10-12 || total
-------------------------+-------+-------+-------+-------++-------
Melee: Unarmed           |    74 |    84 |   409 |   613 ||  1180
       Kick              |    16 |    27 |    93 |   105 ||   241
       Tailslap          |     7 |    10 |    73 |   120 ||   210
       Headbutt          |    11 |    10 |    84 |   129 ||   234
       Punch             |     2 |     4 |    19 |    42 ||    67
       Touch             |       |     5 |    76 |   118 ||   199
       Dagger            |       |       |       |     4 ||     4
 Fire: Shortbow          |       |    11 |    72 |   164 ||   247
       Hunting sling     |       |       |       |     2 ||     2
Throw: Boomerang         |       |     7 |       |       ||     7
       Dart              |       |       |       |     5 ||     5
 Cast: Beastly Appendage |    23 |    26 |    44 |    34 ||   127
       Wereblood         |       |       |    12 |    10 ||    22
Invok: Curse Item        |       |       |     1 |     4 ||     5
Evoke: Wand              |       |       |       |    15 ||    15
       Condenser vane    |       |       |       |     2 ||     2
  Use: Potion            |       |     2 |     3 |    10 ||    15
       Scroll            |       |    11 |     7 |     2 ||    20
 Stab: Sleeping          |     1 |     1 |     2 |       ||     4
       Paralysed         |       |     7 |    22 |    35 ||    64
Armor: Robe              |    14 |    17 |    71 |     3 ||   105
       Fire dragon scale |       |       |       |   213 ||   213
Dodge: Dodged            |    37 |    47 |   176 |   302 ||   562
Block: Other             |       |     3 |    67 |   120 ||   190
       Reflection        |       |       |     1 |     6 ||     7

Table legend: (Time is in decaauts)
 A = Elapsed time spent in this place.
 B = Non-inter-level travel time spent in this place.
 C = Inter-level travel time spent in this place.
 D = Time resting spent in this place.
 E = Time spent auto-exploring this place.
 F = Levels seen in this place.
 G = Mean time per level.
                   A        B        C        D        E       F      G
               +--------+--------+--------+--------+--------+-----+--------+
         Total |  22284 |  21449 |    835 |   9018 |   8503 |  16 | 1392.8 |
       Dungeon |  14399 |  13651 |    748 |   4760 |   6671 |  11 | 1309.0 |
          Lair |   6170 |   6084 |     86 |   3357 |   1677 |   3 | 2056.7 |
       Ossuary |    231 |    231 |      0 |     47 |      0 |   1 |  231.0 |
        Bailey |   1483 |   1483 |      0 |    853 |    155 |   1 | 1483.0 |
               +--------+--------+--------+--------+--------+-----+--------+

Top non-repeatable levels by time:
  Lair:1: 2997 daAuts
  Lair:2: 1991 daAuts
     D:4: 1783 daAuts
     D:2: 1616 daAuts
     D:5: 1557 daAuts
     D:8: 1551 daAuts
     D:6: 1498 daAuts
  Bailey: 1483 daAuts
    D:10: 1416 daAuts
     D:7: 1262 daAuts
  Lair:3: 1181 daAuts
     D:1: 1079 daAuts
     D:3: 993 daAuts
     D:9: 931 daAuts
    D:11: 707 daAuts
